 Dungeon Crawl Stone Soup version 0.31-a0-507-gbafd7f5274 (webtiles) character file.

Game seed: 6884573668760660249

389 pokeman the Magician (level 6, 0/34 HPs)
             Began as a Deep Elf Hedge Wizard on Aug 10, 2023.
             Was an Initiate of Vehumet.
             Slain by an iguana (5 damage)
             ... on level 4 of the Dungeon.
             The game lasted 00:06:57 (4365 turns).

pokeman the Magician (Deep Elf Hedge Wizard)        Turns: 4365, Time: 00:06:57

Health: 0/34       AC:  3    Str:  7    XL:     6   Next: 50%
Magic:  7/18       EV: 13    Int: 21    God:    Vehumet [......]
Gold:   156        SH:  0    Dex: 14    Spells: 1/19 levels left

rFire   + . .        n - +0 hand axe (freeze)
rCold   + . .        (no shield)
rNeg    . . .        m - +1 robe {rC+ rF+}
rPois   .            c - +0 hat
rElec   .            (no cloak)
rCorr   .            (no gloves)
SInv    .            (no boots)
Will    .....        (no amulet)
Stlth   ++           q - ring of flight
HPRegen 0.25/turn    (no ring)
MPRegen 0.16/turn

%: no passive effects
@: flying, very slightly contaminated
A: no striking features
a: Renounce Religion


You were on level 4 of the Dungeon.
You worshipped Vehumet.
Vehumet was noncommittal.
You visited 2 branches of the dungeon, and saw 5 of its levels.

You collected 156 gold pieces.

Inventory:

Hand Weapons
 n - a +0 hand axe of freezing (weapon)
Armour
 c - a +0 hat (worn)
 m - a +1 robe of resistance (worn)
Jewellery
 p - a ring of ice
 q - a ring of flight (left hand)
Scrolls
 a - a scroll of fear {unknown}
 b - a scroll of silence {unknown}
 e - 5 scrolls of teleportation {unknown}
 f - 4 scrolls of identify {unknown}
 i - a scroll of revelation {unknown}
 j - a scroll of amnesia {unknown}
 s - a scroll of noise {unknown}
Potions
 d - a potion of magic
 g - 5 potions of lignification {unknown}
 h - 3 potions of might {unknown}
 k - a potion of invisibility {unknown}
 l - 2 potions of heal wounds {unknown}
 o - a potion of brilliance {unknown}
 r - a potion of curing {unknown}


   Skills:
 + Level 1.1 Fighting
 - Level 1.1 Armour
 - Level 3.0 Dodging
 - Level 3.0 Stealth
 * Level 7.0 Spellcasting
 + Level 3.2 Conjurations
 - Level 1.1 Summonings
 - Level 1.1 Translocations
 + Level 1.5 Fire Magic
 - Level 1.0 Ice Magic
 - Level 1.0 Air Magic
 - Level 1.2 Poison Magic


You had one spell level left.
You knew the following spells:

 Your Spells              Type           Power      Damage    Failure   Level
a - Magic Dart            Conj           80%        1d7       2%          1
b - Mephitic Cloud        Conj/Pois/Air  15%        N/A       13%         3
c - Call Imp              Summ           24%        N/A       9%          2
d - Blink                 Tloc           24%        N/A       9%          2
e - Fireball              Conj/Fire      8%         3d6       67%         5
f - Freezing Cloud        Conj/Ice/Air   7%         6-21      75%         5

Your spell library contained the following spells:

 Spells                   Type           Power      Damage    Failure   Level
 Apportation              Tloc           24%        N/A       5%          1
 Summon Small Mammal      Summ           48%        N/A       5%          1
 Necrotise                Necr           28%        1d5       9%          1
 Slow                     Hex            28%        N/A       9%          1
 Poisonous Vapours        Pois/Air       24%        N/A       9%          2
 Cigotuvi's Dreadful Rot  Necr/Pois/Air  20%        N/A       10%         2
 Vampiric Draining        Necr           7%         2d6       26%         3
 Cause Fear               Hex            3%         N/A       65%         4
 Agony                    Necr           7%         N/A       94%         5
 Dragon's Call            Summ           6%         N/A       100%        9


Dungeon Overview and Level Annotations

Branches:
Dungeon (4/15)             Temple (1/1) D:4

Altars:
Ashenzari
Cheibriados
Dithmenos
Elyvilon
Fedhas
Gozag
Hepliaklqana
Kikubaaqudgha
Makhleb
Nemelex Xobeh
Okawaru
Qazlal
Ru
Sif Muna
Trog
Uskayaw
Vehumet
Wu Jian
Xom
Yredelemnul
Zin
The Shining One


Message History

Confirm with . or Enter, or press ? or * to list all spells.
Aiming: Magic Dart (safe; 2% risk of failure)
Press: ? - help, Shift-Dir - straight line, f/p - iguana
Aim: an iguana (severely wounded, 100% to hit)
The magic dart hits the iguana.
The iguana is severely wounded.
The iguana completely misses you.
Casting: Magic Dart (safe; 2% risk of failure)
Confirm with . or Enter, or press ? or * to list all spells.
Aiming: Magic Dart (safe; 2% risk of failure)
Press: ? - help, Shift-Dir - straight line, f/p - iguana
Aim: an iguana (severely wounded, 100% to hit)
The magic dart hits the iguana but does no damage.
The iguana is severely wounded.
The iguana bites you!
Casting: Magic Dart (safe; 2% risk of failure)
Confirm with . or Enter, or press ? or * to list all spells.
Aiming: Magic Dart (safe; 2% risk of failure)
Press: ? - help, Shift-Dir - straight line, f/p - iguana
Aim: an iguana (severely wounded, 100% to hit)
The magic dart hits the iguana but does no damage.
The iguana is severely wounded.
The iguana closely misses you.
Unknown command.
Casting: Magic Dart (safe; 2% risk of failure)
Confirm with . or Enter, or press ? or * to list all spells.
Aiming: Magic Dart (safe; 2% risk of failure)
Press: ? - help, Shift-Dir - straight line, f/p - iguana
Aim: an iguana (severely wounded, 100% to hit)
The magic dart hits the iguana.
The iguana is almost dead.
The iguana bites you!
* * * LOW HITPOINT WARNING * * *
The iguana hisses menacingly.
Casting: Magic Dart (safe; 2% risk of failure)
Confirm with . or Enter, or press ? or * to list all spells.
You miscast Call Imp.
You are very lightly contaminated with residual magic.
Nothing appears to happen.
The iguana bites you.
You die...

#.# #.# #.# #.# #.# #.#
#.###########.#
#######.............#
......†.#############
#######.# #...# #.##
#....# #.8.+##lo#
####.##.###...#.@##'#
.....##...#..)#.#..#o.
#########.'.8.)###.#...#
###...#†.##+ ..#
#...#...# ....
#.8.+#...# ...) #...#
#..+ .... ##### ###


You could see an iguana and an orc.

Vanquished Creatures
  A centaur (D:4)
  2 orc priests (D:3)
  A hound (D:4)
  A sleepcap (D:4)
  Jessica (D:2)
  6 adders
  A gnoll (D:4)
  4 worms
  A dart slug (D:1)
  9 orcs
  9 ball pythons
  6 endoplasms
  4 giant cockroaches
  10 goblins
  9 hobgoblins
  2 kobolds
  3 quokkas
  3 bats (D:1)
  4 frilled lizards
  2 rats (D:2)
79 creatures vanquished.

Vanquished Creatures (collateral kills)
  An adder (D:4)
1 creature vanquished.

Grand Total: 80 creatures vanquished

Notes
Turn   | Place    | Note
-------+----------+-------------------------------------------
     0 | D:1      | pokeman the Deep Elf Hedge Wizard began the quest for the
                  | Orb.
     0 | D:1      | Reached XP level 1. HP: 10/10 MP: 7/7
   250 | D:1      | Reached XP level 2. HP: 15/15 MP: 5/9
   706 | D:1      | Reached skill level 5 in Spellcasting
  1435 | D:2      | Reached XP level 3. HP: 20/20 MP: 4/11
  1439 | D:2      | Learned a level 3 spell: Mephitic Cloud
  1442 | D:2      | Learned a level 2 spell: Call Imp
  1445 | D:2      | Learned a level 2 spell: Blink
  1523 | D:2      | You fall into a shaft and drop 1 floor!
  1632 | D:3      | Found a hide-covered altar of Uskayaw.
  1831 | D:2      | Reached skill level 1 in Fighting
  1868 | D:2      | Noticed Jessica
  1872 | D:2      | Killed Jessica
  1873 | D:2      | Reached skill level 1 in Armour
  1873 | D:2      | Reached XP level 4. HP: 25/25 MP: 7/13
  2157 | D:2      | Found a faded altar of an unknown god.
  3001 | D:3      | Reached skill level 6 in Spellcasting
  3001 | D:3      | Reached XP level 5. HP: 16/29 MP: 4/15
  3026 | D:3      | Learned a level 5 spell: Fireball
  3539 | D:4      | Found a staircase to the Ecumenical Temple.
  3550 | Temple   | Entered the Ecumenical Temple
  3576 | Temple   | Became a worshipper of Vehumet
  3801 | D:4      | Noticed a black bear
  3810 | D:4      | Noticed a black bear
  4058 | D:4      | Reached skill level 1 in Air Magic
  4179 | D:4      | Reached XP level 6. HP: 34/34 MP: 11/17
  4185 | D:4      | Learned a level 5 spell: Freezing Cloud
  4242 | D:4      | Reached skill level 1 in Fire Magic
  4257 | D:4      | Reached skill level 1 in Poison Magic
  4263 | D:4      | Reached skill level 7 in Spellcasting
  4263 | D:4      | Reached skill level 1 in Ice Magic
  4365 | D:4      | Slain by an iguana

Illustrated notes

Levels and vault maps discovered:
D:1:      dpeg_arrival_round_b, layout_basic, dk_noncrumbling_3,
          nicolae_eternal_life
D:2:      layout_basic, basic_ecumenical_altar, uniq_jessica
D:3:      layout_basic, marbit_many_paths, kennysheep_orc_chapel
D:4:      minmay_chambers_of_threes, layout_loops_ring,
          minmay_temple_entry_trees, minmay_diced_spiral
Temple:   mainiacjoe_temple_trianglar_array

Skill      XL: |  1  2  3  4  5  6 |
---------------+-------------------+-----
Spellcasting   | 5 6 7 |  7.0
Fighting       | 1 |  1.1
Armour         | 1 |  1.1
Conjurations   | 2 3 |  3.2
Stealth        | 3 |  3.0
Dodging        | 3 |  3.0
Air Magic      | 1 |  1.0
Fire Magic     | 1 |  1.5
Poison Magic   | 1 |  1.2
Ice Magic      | 1 |  1.0
Summonings     | |  1.1
Translocations | |  1.1

Action                     |  1- 3 |  4- 6 || total
---------------------------+-------+-------++-------
  Melee: Dagger            |     9 |       ||     9
         Hand axe          |       |    43 ||    43
         Punch             |       |     1 ||     1
   Cast: Magic Dart        |    95 |   131 ||   226
         Mephitic Cloud    |     2 |    10 ||    12
         Call Imp          |       |     6 ||     6
         Blink             |       |     1 ||     1
   Stab: Confused          |     1 |     4 ||     5
 Armour: Robe              |     4 |    10 ||    14
  Dodge: Dodged            |    10 |    40 ||    50

Table legend: (Time is in decaauts)
 A = Elapsed time spent in this place.
 B = Non-inter-level travel time spent in this place.
 C = Inter-level travel time spent in this place.
 D = Time resting spent in this place.
 E = Time spent auto-exploring this place.
 F = Levels seen in this place.
 G = Mean time per level.
                   A        B        C        D        E       F      G
               +--------+--------+--------+--------+--------+-----+--------+
         Total |   4377 |   4212 |    165 |     23 |   3529 |   5 |  875.4 |
       Dungeon |   4326 |   4210 |    116 |     23 |   3529 |   4 | 1081.5 |
        Temple |     51 |      2 |     49 |      0 |      0 |   1 |   51.0 |
               +--------+--------+--------+--------+--------+-----+--------+

Top non-repeatable levels by time:
     D:3: 1369 daAuts
     D:1: 1340 daAuts
     D:2: 888 daAuts
     D:4: 727 daAuts
  Temple: 51 daAuts
